 Dungeon Crawl Stone Soup version 0.23-b1 (webtiles) character file.

Game seed: 11376697314568480839

205238 Kohma the Tortoise (level 18, -6/172 HPs)
             Began as a Minotaur Fighter on Jan 31, 2019.
             Was the Champion of Okawaru.
             Mangled by a demonic crawler (7 damage)
             ... while paralysed by the power of Zot
             ... on level 3 of the Spider Nest.
             The game lasted 02:13:27 (40396 turns).

Kohma the Tortoise (Minotaur Fighter)              Turns: 40396, Time: 02:13:27

Health: -6/172     AC: 33    Str: 32    XL:     18   Next: 3%
Magic:  19/24      EV:  2    Int:  5    God:    Okawaru [******]
Gold:   1007       SH:  0    Dex: 19    Spells: 17/17 levels left

rFire    + + +     SeeInvis .   a - +8 autumn katana {slice, Clar}
rCold    . . .     Gourm    +   R - +1 shield {rF+}
rNeg     . . .     Faith    .   Y - +4 plate armour {MR+}
rPois    +         Spirit   .   j - +0 hat of the Moneychanger {rCorr Str+3 Dex+5 Stlth-}
rElec    .         Reflect  .   h - scarf {rC+ rF+}
rCorr    +         Harm     .   B - +4 pair of gloves of Wu Jian's Reproof {Int+2}
MR       +++..     Clarity  +   G - +1 pair of boots {Stlth+}
Stlth    ..........             N - amulet of the gourmand
HPRegen  0.38/turn              L - ring of Siegimoi {+Inv rF+ rC- MR+ Str+4}
MPRegen  0.19/turn              I - ring of poison resistance

@: paralysed, lethally poisoned (-6 -> -7), heroism, finesse, lightly drained
A: retaliatory headbutt, horns 2, dopey 1, no potion heal 1
}: 1/15 runes: decaying
a: Heroism, Finesse, Renounce Religion, Evoke Invisibility


You were on level 3 of the Spider Nest.
You worshipped Okawaru.
Okawaru was exalted by your worship.
You were very full.

You visited 6 branches of the dungeon, and saw 31 of its levels.
You visited the Abyss 1 time.
You also visited: Ossuary, Gauntlet and Ice Cave.

You collected 3158 gold pieces.
You spent 2151 gold pieces at shops.

Inventory:

Hand Weapons
 a - the +8 autumn katana (weapon) {slice, Clar}
   (You acquired it on level 9 of the Dungeon)

   It inflicts extra damage upon your enemies.
   It protects you against confusion.
Missiles
 u - a throwing net (quivered)
Armour
 h - a scarf of resistance (worn)
 i - a +2 hat of see invisible
 j - the +0 hat of the Moneychanger (worn) {rCorr Str+3 Dex+5 Stlth-}
   (Okawaru gifted it to you on level 14 of the Dungeon)

   It affects your strength (+3).
   It affects your dexterity (+5).
   It provides partial protection from all sources of acid and corrosion.
   It makes you less stealthy.
 r - a scarf of cloud immunity
 B - the +4 pair of gloves of Wu Jian's Reproof (worn) {Int+2}
   (You found it on level 7 of the Dungeon)

   It affects your intelligence (+2).
 G - a +1 pair of boots of stealth (worn)
 R - a +1 shield of fire resistance (worn)
 W - a +0 pair of boots of flying
 Y - a +4 plate armour of magic resistance (worn)
Jewellery
 w - an uncursed ring of protection from cold
 I - a ring of poison resistance (right hand)
 J - an uncursed ring of protection from magic
 L - the ring of Siegimoi (left hand) {+Inv rF+ rC- MR+ Str+4}
   (You found it on level 15 of the Dungeon)

   [ring of protection from magic]

   It affects your strength (+4).
   It protects you from fire.
   It makes you vulnerable to cold.
   It affects your resistance to hostile enchantments.
   It lets you turn invisible.
 N - an amulet of the gourmand (around neck)
Wands
 f - a wand of digging (3)
 y - a wand of iceblast (26)
 C - a wand of flame (25)
 H - a wand of paralysis (22)
 K - a wand of acid (22)
 O - a wand of clouds (17)
 Q - a wand of disintegration (10)
 S - a wand of polymorph (9)
Scrolls
 e - 16 scrolls of teleportation
 g - 12 scrolls of remove curse
 l - 3 scrolls of magic mapping
 m - 3 scrolls of identify
 v - 2 scrolls of fog
 A - 11 scrolls of enchant armour
 E - 6 scrolls of enchant weapon
 P - 3 scrolls of fear
 T - 2 scrolls of holy word
 X - 3 scrolls of summoning
 Z - 3 scrolls of blinking
Potions
 d - 8 potions of might
 k - 3 potions of mutation
 n - 4 potions of agility
 o - 13 potions of curing
 p - 7 potions of haste
 s - a potion of berserk rage
 t - 6 potions of heal wounds
 x - a potion of cancellation
 F - 3 potions of resistance
 U - a potion of invisibility
 V - a potion of magic {unknown}
Miscellaneous
 c - a lightning rod (4/4)
 q - a phantom mirror
 D - a sack of spiders
 M - a lamp of fire
Comestibles
 b - 8 chunks of flesh
 z - 9 rations


   Skills:
 - Level 18.2(22.7) Fighting
 - Level 14.0(18.5) Long Blades
 - Level 18.2(22.7) Armour
 + Level 9.7(14.3) Dodging
 + Level 17.5(22.0) Shields
 - Level 8.0(7.6) Invocations
 - Level 10.0(9.6) Evocations


You had 17 spell levels left.
You didn't know any spells.
Your spell library contained the following spells:

 Spells                   Type           Power        Failure   Level  Hunger
 Animate Skeleton         Necr           N/A          86%         1    ##.....
 Apportation              Tloc           #.....       86%         1    ##.....
 Beastly Appendage        Tmut           #.....       86%         1    ##.....
 Confusing Touch          Hex            #.....       86%         1    ##.....
 Magic Dart               Conj           #...         86%         1    ##.....
 Sting                    Conj/Pois      #...         86%         1    ##.....
 Summon Small Mammal      Summ           #...         86%         1    ##.....
 Corpse Rot               Necr           N/A          95%         2    ###....
 Poisonous Vapours        Pois/Air       #.....       95%         2    ###....
 Searing Ray              Conj           #.....       95%         2    ###....
 Sticks to Snakes         Tmut           #.......     95%         2    ###....
 Dazzling Spray           Conj/Hex       #.....       99%         3    ####...
 Mephitic Cloud           Conj/Pois/Air  #.......     99%         3    ####...
 Recall                   Summ/Tloc      N/A          99%         3    ####...
 Spider Form              Tmut/Pois      #.........   99%         3    ####...
 Stone Arrow              Conj/Erth      #.....       99%         3    ####...
 Cause Fear               Hex            #.........   100%        4    #####..
 Force Lance              Conj/Tloc      #.......     100%        4    #####..
 Fulminant Prism          Conj/Hex       #.........   100%        4    #####..
 Ice Form                 Ice/Tmut       #.......     100%        4    #####..
 Iskenderun's Mystic Bla  Conj           #.......     100%        4    #####..
 Leda's Liquefaction      Hex/Erth       #.........   100%        4    #####..
 Olgreb's Toxic Radiance  Pois           #.......     100%        4    #####..
 Aura of Abjuration       Summ           #.........   100%        5    ######.
 Blade Hands              Tmut           #.........   100%        5    ######.
 Bolt of Magma            Conj/Fire/Erth #.........   100%        5    ######.
 Iskenderun's Battlesphe  Conj/Chrm      #.......     100%        5    ######.
 Silence                  Hex/Air        #.........   100%        5    ######.
 Summon Demon             Summ           #.........   100%        5    ######.
 Summon Forest            Summ/Tloc      #.........   100%        5    ######.
 Summon Mana Viper        Hex/Summ       #.......     100%        5    ######.
 Venom Bolt               Conj/Pois      #.........   100%        5    ######.
 Yara's Violent Unravell  Hex/Tmut       #.........   100%        5    ######.
 Deflect Missiles         Chrm/Air       #.........   100%        6    #######
 Hydra Form               Tmut           #.........   100%        6    #######
 Iron Shot                Conj/Erth      #.........   100%        6    #######
 Shadow Creatures         Summ           N/A          100%        6    #######
 Orb of Destruction       Conj           #.........   100%        7    #######
 Spellforged Servitor     Conj/Summ      #.........   100%        7    #######
 Summon Hydra             Summ           #.........   100%        7    #######
 Discord                  Hex            #.........   100%        8    #######


Dungeon Overview and Level Annotations

Branches:
Dungeon (15/15)            Temple (1/1) D:5            Lair (6/6) D:11
  Swamp (4/4) Lair:2       Spider (3/4) Lair:3        Slime (0/5) Lair:6
    Orc (2/2) D:10            Elf (0/3) Orc:2        Vaults (0/5) D:14
 Depths (0/5) D:15

Altars:
Ashenzari
Cheibriados
Dithmenos
Elyvilon
Fedhas
Gozag
Hepliaklqana
Kikubaaqudgha
Makhleb
Nemelex Xobeh
Okawaru
Qazlal
Ru
Sif Muna
Trog
Uskayaw
Vehumet
Wu Jian
Xom
Yredelemnul
Zin
The Shining One
Jiyva

Shops:
D:5 =   D:12 ![[(   D:15 [   Orc:1 [   Orc:2 *!:[

Portals:
Pandemonium: Orc:2

Annotations:
D:7 3 runed translucent doors, exclusion: 3 doors, Supaplex's ghost, novice TrEE


Innate Abilities, Weirdness & Mutations

You reflexively headbutt those who attack you in melee.
You have a pair of horns on your head.
You are dopey. (Int -2)
Potions are less effective at restoring your health.


Message History

The power of Zot is invoked against you!
You suddenly lose the ability to move!
The demonic crawler hits you but does no damage. x3
The soul eater barely misses you.
You feel sick.
The demonic crawler hits you but does no damage. x6
The soul eater hits you but does no damage.
The demonic crawler hits you but does no damage.
The demonic crawler completely misses you.
The demonic crawler hits you but does no damage.
The demonic crawler hits you but does no damage. x2
The demonic crawler hits you.
* * * LOW HITPOINT WARNING * * *
The demonic crawler hits you.
* * * LOW HITPOINT WARNING * * *
The demonic crawler hits you but does no damage. x2
The soul eater hits you!
* * * LOW HITPOINT WARNING * * *
You feel drained. The demonic crawler hits you!
You die...

.####>.#......##.#....††........
#.....#..............#†<†........
.................©....†#.........
..........#############...#.)...
..#..^.....# ##### #..^.#...#
#....#.....# ######### #.....#.^#
....#.^...## #.^^©^..# ##^#^..^##
#........## #^..3.^.# ####..##
###....## #..@s...# #### #....#
#^.##s##.^# ##..## #..^^.y^^^..#
### #^.##a#.#.##^.#
##..^...^^^..## #.#. .#. ^#.# #^
#..$ ...# ^# # # .. .. # # ^^^
^^.


You could see a soul eater, 2 demonic crawlers and a moth of wrath.

Vanquished Creatures
  Arachne (Spider:2)
  Rupert (Spider:1)
  5 thorn hunters
  Kirke (D:14)
  A frost giant (IceCv)
  A ghost moth (Spider:2)
  An emperor scorpion (Spider:2)
  A very ugly thing (Swamp:4)
  A stone giant (Orc:1)
  5 entropy weavers
  A spark wasp (Spider:2)
  A dire elephant (Lair:6)
  A minotaur (Gauntlet)
  2 green deaths (Swamp:4)
  2 death oozes (Swamp:4)
  Josephine (D:10)
  2 ogre magi (D:15)
  A yaktaur captain (D:15)
  8 vault guards (D:14)
  Harold (D:8)
  4 shambling mangroves
  A hell beast (Swamp:4)
  17 hydras
  5 centaur warriors
  A ghost crab (Swamp:3)
  16 two-headed ogres
  A catoblepas (Lair:6)
  A deep troll shaman (Lair:6)
  7 death yaks
  10 alligators
  2 thrashing horrors (Swamp:4)
  9 orc high priests (Orc:2)
  A queen ant (Spider:1)
  4 spriggans
  A fire crab (Gauntlet)
  3 skeletal warriors (D:15)
  4 unseen horrors
  2 infernal demonspawn (Orc:2)
  A spriggan druid (Swamp:4)
  A wizard (Gauntlet)
  6 swamp dragons
  A deep elf mage (D:12)
  4 orc knights (Orc:2)
  5 wolf spiders
  2 orc sorcerers
  3 orb spiders
  2 cyclopes (D:15)
  An oklob plant (Lair:2)
  7 ugly things
  A rust devil (Orc:2)
  3 black mambas (Lair:6)
  A black mamba (shapeshifter) (D:13)
  14 elephants
  Joseph (D:7)
  A molten gargoyle (Lair:5)
  An ice statue (IceCv)
  A torpor snail (Spider:2)
  An apocalypse crab (Gauntlet)
  11 spiny frogs
  3 centaur skeletons
  2 orange demons (Swamp:4)
  9 komodo dragons
  A freezing wraith (D:14)
  An ice devil (Orc:2)
  6 demonic crawlers
  2 rime drakes (Lair:6)
  17 jumping spiders
  13 hornets
  A merfolk (D:10)
  10 trolls
  19 polar bears
  10 tyrant leeches
  5 dream sheep (Lair:6)
  17 blink frogs
  7 bog bodies
  5 hippogriffs
  39 redbacks
  33 slime creatures
  A water elemental (D:14)
  4 shadows
  7 wraiths
  Sigmund (D:5)
  13 tarantellas
  8 wyverns
  3 hogs
  3 fire bats (Gauntlet)
  A fire elemental (Lair:5)
  A large abomination (Swamp:4)
  71 yaks
  A hungry ghost (D:11)
  2 basilisks
  A chaos spawn (Orc:2)
  2 neqoxecs (Orc:2)
  24 vampire mosquitoes
  Grum (D:8)
  Menkaure (D:6)
  7 soldier ants
  3 wargs
  18 swamp worms
  An acid dragon (D:13)
  8 insubstantial wisps
  10 water moccasins
  Duvessa (D:4)
  8 porcupines
  6 swamp drakes
  5 sky beasts
  7 black bears
  36 orc warriors
  7 ice beasts
  13 ogres
  41 wolves
  28 centaurs
  13 crocodiles
  5 big kobolds
  19 bullfrogs
  A gnoll sergeant (D:10)
  Dowan (D:4)
  2 scorpions (D:4)
  6 killer bees (D:8)
  9 wights
  5 electric eels (D:10)
  7 howler monkeys
  5 centaur zombies
  7 crimson imps
  A bullfrog zombie (D:10)
  4 hounds
  11 jellies
  A quasit (D:8)
  3 bullfrog skeletons
  27 orc priests
  7 iguanas
  28 orc wizards
  Terence (D:2)
  33 worker ants
  An ogre zombie (Ossuary)
  2 hound skeletons (D:4)
  7 mummies (Ossuary)
  A worker ant zombie (D:11)
  A howler monkey zombie (D:5)
  7 gnolls
  9 adders
  5 shadow imps
  15 white imps
  6 adder zombies
  5 oozes (D:9)
  3 adder skeletons
  2 worms (D:2)
  3 dart slugs
  4 leopard geckos (D:4)
  99 orcs
  3 giant cockroaches
  5 goblins
  10 hobgoblins
  3 jackals (D:5)
  3 quokkas
  2 ball pythons
  9 bats
  8 frilled lizards
  7 goblin zombies (Ossuary)
  4 hobgoblin zombies (Ossuary)
  22 kobolds
  5 kobold zombies (Ossuary)
  A leopard gecko zombie (D:7)
  A quokka skeleton (D:4)
  9 rats
  4 rat zombies (Ossuary)
  9 briar patches
  A bush (Lair:2)
  2 plants
1213 creatures vanquished.

Vanquished Creatures (collateral kills)
  A hydra (Lair:1)
  2 orc high priests (Orc:2)
  An orc knight (Orc:2)
  A redback (Spider:3)
  An orc warrior (Orc:2)
  An orc priest (Orc:2)
7 creatures vanquished.

Vanquished Creatures (others)
  A spiny frog (Swamp:2)
  A tyrant leech (Swamp:2)
  A human (D:14)
  2 howler monkeys (D:14)
  An orc (D:10)
  2 briar patches (Swamp:3)
  A bush (D:10)
  4 fungi
  7 plants
20 creatures vanquished.

Grand Total: 1240 creatures vanquished

Notes
Turn   | Place    | Note
-------+----------+-------------------------------------------
     0 | D:1      | Kohma the Minotaur Fighter began the quest for the Orb.
     0 | D:1      | Reached XP level 1. HP: 19/19 MP: 0/0
   102 | D:1      | Reached XP level 2. HP: 26/26 MP: 1/1
   520 | D:2      | Noticed Terence
   528 | D:2      | Killed Terence
   528 | D:2      | Reached XP level 3. HP: 31/31 MP: 2/2
   874 | D:2      | Reached XP level 4. HP: 39/39 MP: 3/3
  1320 | D:3      | Reached skill level 5 in Long Blades
  1440 | D:3      | Reached XP level 5. HP: 30/45 MP: 4/4
  1457 | D:3      | Reached skill level 5 in Shields
  2357 | D:4      | Reached XP level 6. HP: 38/51 MP: 5/5
  2468 | D:4      | Found a sand-covered staircase.
  2473 | Ossuary  | Entered an ossuary
  3150 | Ossuary  | Reached XP level 7. HP: 38/57 MP: 6/6
  3620 | D:4      | Noticed Duvessa
  3645 | D:4      | Killed Duvessa
  3667 | D:4      | Noticed Dowan
  3676 | D:4      | Killed Dowan
  3883 | D:4      | Reached XP level 8. HP: 15/64 MP: 7/7
  4266 | D:4      | You fall through a shaft for 3 floors!
  4674 | D:7      | Reached skill level 10 in Long Blades
  4709 | D:7      | Noticed Joseph
  4724 | D:7      | Killed Joseph
  5001 | D:7      | Got a pair of pitted gloves
  5026 | D:7      | Identified the +4 pair of gloves of Wu Jian's Reproof
                  | {Int+2} (You found it on level 7 of the Dungeon)
  5155 | D:7      | Found a runed translucent gate.
  5156 | D:7      | Found a runed translucent gate.
  5156 | D:7      | Noticed Supaplex's ghost (novice TrEE)
  5157 | D:7      | Found a runed translucent gate.
  5376 | D:7      | Reached XP level 9. HP: 62/70 MP: 8/8
  6119 | D:6      | Noticed Menkaure
  6131 | D:6      | Killed Menkaure
  6832 | D:5      | Entered Level 5 of the Dungeon
  6844 | D:5      | Noticed Sigmund
  6854 | D:5      | Killed Sigmund
  7134 | D:5      | Found a shimmering altar of Xom.
  7149 | D:5      | Reached skill level 10 in Shields
  7406 | D:5      | Noticed a troll
  7419 | D:5      | Killed a troll
  7656 | D:5      | Found a staircase to the Ecumenical Temple.
  7674 | Temple   | Entered the Ecumenical Temple
  7889 | Temple   | Became a worshipper of Warmaster Okawaru
  7990 | D:5      | Reached XP level 10. HP: 77/77 MP: 9/9
  8020 | D:5      | Found Masazywn's Jewellery Shop.
  8063 | D:5      | Bought an uncursed ring of protection from magic for 375
                  | gold pieces
  8786 | D:8      | Noticed Grum
  8806 | D:8      | Killed Grum
  8868 | D:8      | Noticed Harold
  8905 | D:8      | Killed Harold
  8905 | D:8      | Reached * piety under Okawaru
  9299 | D:8      | Noticed a two-headed ogre
  9315 | D:8      | Killed a two-headed ogre
  9596 | D:8      | Got a pair of transparent boots
  9605 | D:8      | Identified the cursed +0 pair of boots "Hero's Friend"
                  | {*Corrode rN+ Str+2 Int+2} (You found it on level 8 of the
                  | Dungeon)
 10106 | D:9      | Reached ** piety under Okawaru
 10159 | D:9      | Identified a scroll of acquirement
 10160 | D:9      | Found the +8 autumn katana {slice, Clar}
 10167 | D:9      | Found a white marble altar of Elyvilon.
 10197 | D:9      | Found a glowing silver altar of Zin.
 10946 | D:9      | Found a bloodstained altar of Trog.
 10946 | D:9      | Found a basalt altar of Yredelemnul.
 11026 | D:9      | Found a hazy altar of Hepliaklqana.
 11034 | D:9      | Found a sparkling altar of Nemelex Xobeh.
 11063 | D:10     | Entered Level 10 of the Dungeon
 11078 | D:10     | Noticed a two-headed ogre
 11131 | D:10     | Noticed a two-headed ogre
 11133 | D:10     | Killed a two-headed ogre
 11133 | D:10     | Reached *** piety under Okawaru
 11146 | D:10     | Killed a two-headed ogre
 11146 | D:10     | Reached XP level 11. HP: 50/82 MP: 10/10
 11585 | D:10     | Found a staircase to the Orcish Mines.
 11619 | D:10     | Reached skill level 15 in Shields
 11641 | D:10     | Reached **** piety under Okawaru
 11684 | D:10     | Noticed Josephine
 11719 | D:10     | Reached skill level 1 in Invocations
 11857 | D:10     | Noticed a two-headed ogre
 11862 | D:10     | Killed Josephine
 11862 | D:10     | Reached skill level 5 in Fighting
 11862 | D:10     | Reached skill level 5 in Armour
 12457 | D:10     | Reached ***** piety under Okawaru
 12591 | D:10     | Noticed a two-headed ogre
 12600 | D:10     | Killed a two-headed ogre
 13095 | D:10     | Reached skill level 1 in Evocations
 13283 | D:10     | Found a shimmering altar of Xom.
 13301 | D:10     | Killed a two-headed ogre
 13424 | D:10     | Received a gift from Okawaru
 14003 | D:11     | Reached XP level 12. HP: 100/100 MP: 13/13
 14062 | D:11     | Noticed a two-headed ogre
 14092 | D:11     | Killed a two-headed ogre
 14277 | D:11     | Found a staircase to the Lair.
 15068 | Lair:1   | Entered Level 1 of the Lair of Beasts
 15098 | Lair:1   | Noticed a six-headed hydra
 15129 | D:11     | Killed an eight-headed hydra
 15308 | Lair:1   | Received a gift from Okawaru
 15424 | Lair:1   | Noticed an eight-headed hydra
 15434 | Lair:1   | Killed an eight-headed hydra
 16347 | Lair:2   | Noticed a six-headed hydra
 16358 | Lair:2   | Killed a ten-headed hydra
 16524 | Lair:2   | Reached skill level 5 in Invocations
 16546 | Lair:2   | Noticed a seven-headed hydra
 16567 | Lair:2   | Reached skill level 10 in Fighting
 16567 | Lair:2   | Reached skill level 10 in Armour
 16570 | Lair:2   | HP: 5/106 [seven-headed hydra (6)]
 17021 | Lair:2   | Killed a 15-headed hydra
 17122 | Lair:2   | Found a staircase to the Swamp.
 17815 | Lair:3   | Reached XP level 13. HP: 98/114 MP: 16/16
 17847 | Lair:3   | Received a gift from Okawaru
 18077 | Lair:3   | Found a hole to the Spider Nest.
 19371 | Lair:4   | Reached skill level 5 in Evocations
 20130 | Lair:5   | Received a gift from Okawaru
 21066 | Lair:6   | Entered Level 6 of the Lair of Beasts
 21553 | Lair:6   | Reached XP level 14. HP: 120/127 MP: 18/18
 21561 | Lair:6   | Reached ****** piety under Okawaru
 21726 | Lair:6   | Found a viscous altar of Jiyva.
 21727 | Lair:6   | Found a staircase to the Slime Pits.
 23553 | D:12     | Found Foskosor's Antique Armour Shoppe.
 23572 | D:12     | Bought a shiny large shield for 270 gold pieces
 23673 | D:12     | Found Goutoad's Armour Emporium.
 23681 | D:12     | Bought a +0 pair of boots of flying for 149 gold pieces
 23691 | D:12     | Found Cobull's Distillery.
 23710 | D:12     | Bought 2 potions of heal wounds for 150 gold pieces
 24331 | D:12     | Found Biegixebas's Weapon Boutique.
 24609 | D:13     | Received a gift from Okawaru
 25208 | D:14     | Noticed Kirke
 25221 | D:14     | Killed Kirke
 25300 | D:14     | Found a gate leading to a gauntlet.
 25310 | D:14     | Found a gate to the Vaults.
 25333 | D:14     | Received a gift from Okawaru
 25368 | D:14     | Reached XP level 15. HP: 109/139 MP: 20/20
 25394 | Gauntlet | Entered a Gauntlet
 25394 | Gauntlet | Found a transporter.
 25394 | Gauntlet | Found a transporter.
 25394 | Gauntlet | Found a transporter.
 25396 | Gauntlet | Found a transporter.
 25397 | Gauntlet | Found a transporter.
 25400 | Gauntlet | Found a transporter.
 25414 | Gauntlet | Found a transporter.
 25415 | Gauntlet | Found a transporter.
 25417 | Gauntlet | Found a transporter.
 25427 | Gauntlet | Found a transporter.
 25430 | Gauntlet | Found a transporter.
 25430 | Gauntlet | Found a transporter.
 25852 | Gauntlet | Found the +8 Wrath of Trog {antimagic, *Rage}
 25952 | D:14     | Received a gift from Okawaru
 25971 | D:14     | Got an ichor-stained hat {god gift}
 25977 | D:14     | Identified the +0 hat of the Moneychanger {rCorr Str+3
                  | Dex+5 Stlth-} (Okawaru gifted it to you on level 14 of the
                  | Dungeon)
 26290 | D:14     | Reached skill level 15 in Armour
 26733 | D:15     | Entered Level 15 of the Dungeon
 26740 | D:15     | Reached skill level 15 in Fighting
 26771 | D:15     | Found a sparkling altar of Nemelex Xobeh.
 27317 | D:15     | Found Zudaong's Armour Shoppe.
 27603 | D:15     | Found a staircase to the Depths.
 27695 | D:15     | Got a heavily runed lead ring
 28096 | D:10     | Identified the ring of Siegimoi {+Inv rF+ rC- MR+ Str+4}
                  | (You found it on level 15 of the Dungeon)
 28268 | D:5      | Bought an uncursed ring of protection from cold for 375
                  | gold pieces
 28444 | Orc:1    | Entered Level 1 of the Orcish Mines
 28490 | Orc:1    | Received a gift from Okawaru
 28509 | Orc:1    | Found a frozen archway.
 28509 | Orc:1    | Found Kewamnod's Armour Shop.
 28718 | IceCv    | Entered an ice cave
 29372 | IceCv    | Noticed a frost giant
 29387 | IceCv    | Killed a frost giant
 29402 | IceCv    | Reached XP level 16. HP: 115/152 MP: 21/21
 30496 | Orc:2    | Entered Level 2 of the Orcish Mines
 30554 | Orc:2    | Found Mim Alug's General Store.
 30556 | Orc:2    | Found Madgh's Distillery.
 30629 | Orc:2    | Gained mutation: You are dopey. (Int -2) [a neqoxec]
 30689 | Orc:2    | Gained mutation: Potions are less effective at restoring
                  | your health. [a neqoxec]
 30738 | Orc:2    | Received a gift from Okawaru
 30752 | Orc:2    | Found Hoigoinom's Antique Armour Shop.
 30752 | Orc:2    | Found a one-way gate leading to the halls of Pandemonium.
 30752 | Orc:2    | Found Qetiarux's Book Boutique.
 31154 | Orc:2    | Bought a phantom mirror for 390 gold pieces
 31154 | Orc:2    | Bought a scroll of blinking for 97 gold pieces
 31154 | Orc:2    | Bought a scroll of magic mapping for 45 gold pieces
 31538 | Orc:2    | Found a staircase to the Elven Halls.
 32085 | Swamp:1  | Entered Level 1 of the Swamp
 33915 | Swamp:3  | Noticed a thorn hunter
 33928 | Swamp:3  | Noticed a thorn hunter
 33939 | Swamp:3  | Killed a thorn hunter
 33948 | Swamp:3  | Killed a thorn hunter
 34278 | Swamp:3  | Received a gift from Okawaru
 34303 | Swamp:3  | Noticed a thorn hunter
 34314 | Swamp:3  | Killed a thorn hunter
 34314 | Swamp:3  | Reached skill level 10 in Evocations
 34665 | Swamp:3  | HP: 6/157 [large slime creature (16)]
 35185 | Swamp:4  | Entered Level 4 of the Swamp
 35207 | Swamp:4  | Reached XP level 17. HP: 146/165 MP: 23/23
 35223 | Swamp:4  | Reached skill level 1 in Dodging
 35229 | Swamp:4  | Received a gift from Okawaru
 35978 | Swamp:4  | Reached skill level 5 in Dodging
 36095 | Swamp:4  | Got a decaying rune of Zot
 37403 | D:5      | Bought an uncursed ring of poison resistance for 300 gold
                  | pieces
 37689 | Spider:1 | Entered Level 1 of the Spider Nest
 38283 | Spider:1 | Noticed Rupert
 38301 | Spider:1 | Killed Rupert
 38347 | Spider:1 | Received a gift from Okawaru
 38348 | Spider:1 | Got a warped scale mail {god gift}
 38359 | Spider:1 | Identified the +3 scale mail of the Falcon {Dex+3} (Okawaru
                  | gifted it to you on level 1 of the Spider Nest)
 39066 | Spider:2 | Noticed Arachne
 39078 | Spider:2 | Killed Arachne
 40220 | Spider:3 | Found a transporter.
 40265 | Spider:3 | Reached XP level 18. HP: 124/172 MP: 24/24
 40366 | Spider:3 | Cast into level 4 of the Abyss (the power of Zot)
 40372 | Spider:3 | Escaped the Abyss
 40379 | Spider:3 | Paralysed by the power of Zot for 3 turns
 40389 | Spider:3 | Paralysed by the power of Zot for 5 turns
 40396 | Spider:3 | HP: 1/172 [soul eater[the power of Zot] (8)]
 40396 | Spider:3 | Mangled by a demonic crawler

Skill      XL: |  1  2  3  4  5  6  7  8  9 10 11 12 13 14 15 16 17 |
---------------+----------------------------------------------------+-----
Long Blades    | 3 4 5 6 7 9 11 13 14 | 14.0
Shields        | 4 5 6 7 8 10 14 15 17 | 17.5
Fighting       | 7 10 12 14 16 18 | 18.2
Armour         | 7 10 12 14 16 18 | 18.2
Invocations    | 3 5 7 8 |  8.0
Evocations     | 1 4 5 7 8 10 | 10.0
Dodging        | 9 |  9.7

Action                   |  1- 3 |  4- 6 |  7- 9 | 10-12 | 13-15 | 16-18 || total
-------------------------+-------+-------+-------+-------+-------+-------++-------
Melee: Long sword        |   116 |   271 |   438 |   146 |       |       ||   971
       Headbutt          |    16 |    43 |    78 |   102 |   327 |   386 ||   952
       Katana            |       |       |       |   457 |  1210 |  1067 ||  2734
 Fire: Hunting sling     |       |       |       |    10 |       |       ||    10
Invok: Finesse           |       |       |       |     1 |     3 |     1 ||     5
       Heroism           |       |       |       |     1 |     3 |     2 ||     6
 Abil: Stop Flying       |       |       |       |       |     1 |       ||     1
       Evoke Flight      |       |       |       |       |     1 |       ||     1
Evoke: Wand              |       |       |       |    11 |       |     1 ||    12
       Lamp of fire      |       |       |       |     1 |       |     1 ||     2
       Phantom mirror    |       |       |       |     1 |       |       ||     1
       Sack of spiders   |       |       |       |       |       |     2 ||     2
       Box of beasts     |       |       |       |       |       |     1 ||     1
  Use: Scroll            |       |    14 |     3 |    16 |     8 |     6 ||    47
       Potion            |       |       |     1 |     6 |       |     2 ||     9
  Eat: Chunk             |       |     5 |    14 |    43 |    36 |    35 ||   133
       Ration            |       |     1 |     1 |     1 |       |       ||     3
Armor: Scale mail        |    22 |       |       |       |       |       ||    22
       Plate armour      |    47 |    93 |   165 |   181 |   225 |   484 ||  1195
       Ice dragon scales |       |       |       |    51 |   247 |       ||   298
Dodge: Dodged            |    16 |    33 |    37 |   122 |   235 |   341 ||   784
Block: Shield            |    68 |   127 |   218 |   396 |   711 |   755 ||  2275
       Rpst.: Long sword |     4 |     7 |    13 |     1 |       |       ||    25
       Katana            |       |       |       |    19 |    46 |    61 ||   126
